[Event "Early-Titled-Tuesday-Blitz-September-12-2023"]
[Site "Chess.com"]
[Date "2023.09.12"]
[Round "1"]
[White "ChEsper99"]
[Black "ural58"]
[Result "0-1"]
[WhiteElo "2196"]
[BlackElo "2563"]
[TimeControl "180+1"]
[EndTime "8:02:01 PDT"]
[Termination "ural58 won by resignation"]

1. e4 d5 2. exd5 Qxd5 3. d4 Nc6 4. c4 Qxd4 5. Nc3 Qxd1+ 6. Kxd1 Bf5 7. a3 O-O-O+ 8. Bd2 e5 9. Nge2 Bc5 10. Ng3 Bg6 11. Ke1 Bxf2+ 0-1

[Event "Early-Titled-Tuesday-Blitz-September-12-2023"]
[Site "Chess.com"]
[Date "2023.09.12"]
[Round "1"]
[White "guillembaches"]
[Black "dropstoneDP"]
[Result "1/2-1/2"]
[WhiteElo "2534"]
[BlackElo "3006"]
[TimeControl "180+1"]
[EndTime "8:02:48 PDT"]
[Termination "Game drawn by repetition"]

1. e4 e5 2. Nf3 Nf6 3. Nc3 Nc6 4. d4 exd4 5. Nxd4 Bb4 6. Nxc6 bxc6 7. Bd3 O-O 8. O-O d5 9. Bd2 Bxc3 10. Bxc3 dxe4 11.
Bxf6 Qxf6 12. Bxe4 Qxb2 13. Bxc6 Rb8 14. Rb1 Qxb1 15.
Qxb1 Rxb1 16. Rxb1 Rd8 17. Bf3 Kf8 18. Rb8 Re8 19.
h4 Bf5 20. Rb7 Bxc2 21. Rxc7 Re1+ 22. Kh2 Be4 23. Rxa7 Bxf3 24. gxf3 h5 25. Kg3 g6 26. Ra8+ Kg7 27. Ra6 Rg1+ 28. Kh2 Ra1 29. Kg3 Rg1+ 30. Kh2 Ra1 31. Kg3 Rg1+ 1/2-1/2

[Event "Early-Titled-Tuesday-Blitz-September-12-2023"]
[Site "Chess.com"]
[Date "2023.09.12"]
[Round "1"]
[White "campochess"]
[Black "Alphafischer2019"]
[Result "0-1"]
[WhiteElo "2112"]
[BlackElo "2550"]
[TimeControl "180+1"]
[EndTime "8:03:03 PDT"]
[Termination "Alphafischer2019 won by resignation"]

1. e4 e6 2. Qe2 d5 3. exd5 Qxd5 4. Nc3 Qd8 5. b3 Nf6 6. Bb2 c5 7. Nf3 Nc6 8. g3 Be7 9. Bg2 O-O 10. O-O Rb8 11.
a4 b6 12. Rad1 Bb7 13. Ng5 Nd4 14. Qd3 Bxg2 15. Kxg2 h6 16. Nge4 Nxe4 17. Nxe4 Qd5 18. f3 Rfd8 19. Qc3 Bf8 20. Qc4 Qxc4 21. bxc4 Nxc2 22.
Be5 Rb7 23. Bc3 Rbd7 24. Kf2 f5 25. Rc1 Nb4 26. Rfe1 fxe4 27. Rxe4 Nd3+ 0-1

[Event "Early-Titled-Tuesday-Blitz-September-12-2023"]
[Site "Chess.com"]
[Date "2023.09.12"]
[Round "1"]
[White "Defend1r"]
[Black "jraosam"]
[Result "0-1"]
[WhiteElo "2523"]
[BlackElo "1979"]
[TimeControl "180+1"]
[EndTime "8:03:04 PDT"]
[Termination "jraosam won by resignation"]

1. e4 c5 2. Nf3 e6 3. c3 Nf6 4. e5 Nd5 5. d4 cxd4 6. cxd4 Nc6 7. Bc4 d6 8. Qe2 dxe5 9. dxe5 Bb4+ 10. Nbd2 O-O 11.
O-O a6 12. Ne4 h6 13. a3 Be7 14. b4 b5 15. Bb3 Qc7 16. Bb2 a5 17. bxa5 Nxa5 18.
Rac1 Qb6 19. Bd4 Qb7 20. Bc2 Bxa3 21. Qd3 Bxc1 22. Nf6+ Nxf6 23. Qh7+ Nxh7 24. Rxc1 Bd7 25. Re1 Rfc8 26. Be4 Bc6 27. Bxh7+ Kxh7 28. Nh4 g5 0-1

[Event "Early-Titled-Tuesday-Blitz-September-12-2023"]
[Site "Chess.com"]
[Date "2023.09.12"]
[Round "1"]
[White "orestn"]
[Black "Aygehovit1992"]
[Result "0-1"]
[WhiteElo "2417"]
[BlackElo "2732"]
[TimeControl "180+1"]
[EndTime "8:03:09 PDT"]
[Termination "Aygehovit1992 won by resignation"]

1. e4 c5 2. Nf3 d6 3. d4 cxd4 4. Nxd4 Nf6 5. Nc3 g6 6. Be3 Nc6 7. f3 h5 8. Qd2 Nxd4 9. Bxd4 Bh6 10. Be3 Bxe3 11. Qxe3 Be6 12. Bb5+ Kf8 13. Ba4 Qa5 14.
O-O Rc8 15. Bb3 h4 16. Bxe6 fxe6 17. Kh1 Nh5 18. Rfe1 Kf7 19. e5 d5 20. Kg1 Rc4 21. Qf2 Nf4 22. Rac1 Rh5 23. a3 Rg5 0-1

[Event "Early-Titled-Tuesday-Blitz-September-12-2023"]
[Site "Chess.com"]
[Date "2023.09.12"]
[Round "1"]
[White "TRadjabov"]
[Black "bazar-wokzal"]
[Result "1-0"]
[WhiteElo "3023"]
[BlackElo "2527"]
[TimeControl "180+1"]
[EndTime "8:03:11 PDT"]
[Termination "TRadjabov won by resignation"]

1. c4 e5 2. Nc3 Nf6 3. Nf3 e4 4. Ng5 c6 5. Ngxe4 Nxe4 6. Nxe4 d5 7. cxd5 cxd5 8. Ng3 h5 9. h4 Bd6 10. d3 Bxg3 11. fxg3 Nc6 12. Bf4 O-O 13. e3 Qb6 14. Qd2 Bg4 15. Be2 Bxe2 16. Qxe2 Qb4+ 17. Kf2 Rae8 18. Rhc1 Ne5 19. a3 Qb6 20. Bxe5 Rxe5 21. d4 Rf5+ 22. Kg1 Re8 23. Qd3 Qh6 24. Qxf5 Qxe3+ 25. Qf2 1-0

[Event "Early-Titled-Tuesday-Blitz-September-12-2023"]
[Site "Chess.com"]
[Date "2023.09.12"]
[Round "1"]
[White "BlitzWizard04"]
[Black "WiktoriaPOL"]
[Result "1-0"]
[WhiteElo "2611"]
[BlackElo "2294"]
[TimeControl "180+1"]
[EndTime "8:03:13 PDT"]
[Termination "BlitzWizard04 won by checkmate"]

1. e4 c5 2. Nf3 d6 3. d4 cxd4 4. Nxd4 Nf6 5. Bb5+ Bd7 6. c4 Nxe4 7. Qf3 Nc5 8. b4 Bxb5 9. Nxb5 Nca6 10. Qxb7 d5 11. Qxa8 Nxb4 12. O-O Nc2 13. Qb7 Nxa1 14. Nc7+ Kd7 15.
Nxd5+ Ke6 16. Re1+ Kd6 17. Bf4+ Kc5 18. Qb4+ Kc6 19.
Qb5# 1-0

[Event "Early-Titled-Tuesday-Blitz-September-12-2023"]
[Site "Chess.com"]
[Date "2023.09.12"]
[Round "1"]
[White "tomesao"]
[Black "TregubovP"]
[Result "0-1"]
[WhiteElo "2353"]
[BlackElo "2656"]
[TimeControl "180+1"]
[EndTime "8:03:16 PDT"]
[Termination "TregubovP won by resignation"]

1. e4 c5 2. Nf3 e6 3. d4 cxd4 4. Nxd4 Nf6 5. Nc3 Nc6 6. Ndb5 Bb4 7. a3 Bxc3+ 8. Nxc3 d5 9. exd5 exd5 10. Bd3 O-O 11. Kf1 d4 12. Ne4 Bf5 13. Nxf6+ Qxf6 14. g3 Ne5 15. Bxf5 Qxf5 16. Bf4 Qe4 17. Rg1 Nf3 18. Rg2 Rfe8 19. Bd2 Rac8 20. Rc1 Rxc2 0-1

[Event "Early-Titled-Tuesday-Blitz-September-12-2023"]
[Site "Chess.com"]
[Date "2023.09.12"]
[Round "1"]
[White "CSB7"]
[Black "Arteler"]
[Result "1-0"]
[WhiteElo "2724"]
[BlackElo "2409"]
[TimeControl "180+1"]
[EndTime "8:03:17 PDT"]
[Termination "CSB7 won by resignation"]

1. Nf3 d5 2. g3 c6 3. c4 Nf6 4. Bg2 a6 5. O-O Bg4 6. Ne5 Bh5 7. d4 e6 8. Nc3 Be7 9. Qb3 Ra7 10. e4 dxe4 11.
Be3 O-O 12. d5 c5 13. dxe6 fxe6 14. Nxe4 Nxe4 15. Bxe4 Bf6 16. Bxc5 Ra8 17. Bxf8 Qxf8 18. Qxb7 1-0

[Event "Early-Titled-Tuesday-Blitz-September-12-2023"]
[Site "Chess.com"]
[Date "2023.09.12"]
[Round "1"]
[White "LileKoridze"]
[Black "juancruzarias"]
[Result "0-1"]
[WhiteElo "2373"]
[BlackElo "2669"]
[TimeControl "180+1"]
[EndTime "8:03:21 PDT"]
[Termination "juancruzarias won by resignation"]

1. d4 d5 2. c4 e6 3. Nf3 Nf6 4. g3 Bb4+ 5. Bd2 Be7 6. Bg2 O-O 7. O-O c6 8. Qc2 Ne4 9. Nc3 Nxd2 10. Qxd2 f5 11.
b3 Nd7 12. e3 Bd6 13. Ne1 Nf6 14. Nd3 Bd7 15. Ne5 Be8 16. f4 Bh5 17. Qc2 Rc8 18.
cxd5 cxd5 19. Qd3 a6 20. Rac1 b5 21. Rc2 Qb6 22. Rfc1 Rc7 23. Nd1 Rfc8 24. Rxc7 Rxc7 25. Rxc7 Qxc7 26. Qc3 Bxd1 0-1

[Event "Early-Titled-Tuesday-Blitz-September-12-2023"]
[Site "Chess.com"]
[Date "2023.09.12"]
[Round "1"]
[White "djano"]
[Black "KatakuriDono"]
[Result "1-0"]
[WhiteElo "2627"]
[BlackElo "2317"]
[TimeControl "180+1"]
[EndTime "8:03:22 PDT"]
[Termination "djano won by resignation"]

1. e4 e5 2. Nf3 Nc6 3. d4 exd4 4. Nxd4 Qf6 5. Nf3 Qg6 6. Nc3 Nf6 7. Bd3 Qxg2 8. Rg1 Qh3 9. Nb5 Kd8 10. Bf4 d6 11. Ng5 Qd7 12. Bc4 d5 13. Bxc7+ Ke8 14. exd5 Nb4 15. d6 Qf5 16. Bxf7+ Kd7 17. Be6+ 1-0

[Event "Early-Titled-Tuesday-Blitz-September-12-2023"]
[Site "Chess.com"]
[Date "2023.09.12"]
[Round "1"]
[White "krstulov_alex"]
[Black "SamCopeland"]
[Result "1-0"]
[WhiteElo "2633"]
[BlackElo "2322"]
[TimeControl "180+1"]
[EndTime "8:03:34 PDT"]
[Termination "krstulov_alex won by resignation"]

1. d4 d5 2. Nf3 Nf6 3. Bf4 c5 4. e3 Nc6 5. Nbd2 Qb6 6. dxc5 Qxb2 7. Rb1 Qc3 8. Bb5 Qxc5 9. O-O Bd7 10. c4 e6 11. cxd5 exd5 12. Ba4 Na5 13. Ne5 Bd6 14. Nxd7 Nxd7 15. Bxd7+ Kxd7 16. Qa4+ Ke6 17. Bxd6 Kxd6 18. Rb5 1-0

[Event "Early-Titled-Tuesday-Blitz-September-12-2023"]
[Site "Chess.com"]
[Date "2023.09.12"]
[Round "1"]
[White "imdarealist"]
[Black "Alexei_Gubajdullin"]
[Result "0-1"]
[WhiteElo "2312"]
[BlackElo "2625"]
[TimeControl "180+1"]
[EndTime "8:03:37 PDT"]
[Termination "Alexei_Gubajdullin won by checkmate"]

1. d4 Nf6 2. Bf4 g6 3. e3 Bg7 4. h3 O-O 5. Bd3 d6 6. e4 Nc6 7. c3 e5 8. dxe5 Nxe5 9. Bc2 Nh5 10. Bh2 Qh4 11. Nf3 Nxf3+ 12. Qxf3 Be5 13. Nd2 Bxh2 14. Rxh2 Be6 15. O-O-O a5 16. g3 Qg5 17. Kb1 a4 18.
Qe2 Qc5 19. f4 a3 20. f5 Bxa2+ 21. Kxa2 axb2+ 22. Kb1 Ra1+ 23. Kxb2 Qa3# 0-1

[Event "Early-Titled-Tuesday-Blitz-September-12-2023"]
[Site "Chess.com"]
[Date "2023.09.12"]
[Round "1"]
[White "themind1hunter"]
[Black "lluiss"]
[Result "1-0"]
[WhiteElo "2556"]
[BlackElo "2165"]
[TimeControl "180+1"]
[EndTime "8:03:40 PDT"]
[Termination "themind1hunter won by resignation"]

1. e4 c5 2. Nf3 d6 3. d4 cxd4 4. Nxd4 Nf6 5. Nc3 g6 6. Be3 Bg7 7. f3 O-O 8. Qd2 Nc6 9. O-O-O Nxd4 10. Bxd4 Be6 11. Kb1 Qc7 12. h4 Rfc8 13. Bd3 Qa5 14. a3 Rab8 15. h5 b5 16. hxg6 hxg6 17. Qg5 Bc4 18. Nd5 Bxd5 19. exd5 b4 20. Bxg6 fxg6 21. Qxg6 bxa3 22. Rh7 1-0

[Event "Early-Titled-Tuesday-Blitz-September-12-2023"]
[Site "Chess.com"]
[Date "2023.09.12"]
[Round "1"]
[White "Arimin1329"]
[Black "sergeikim"]
[Result "0-1"]
[WhiteElo "2232"]
[BlackElo "2572"]
[TimeControl "180+1"]
[EndTime "8:03:44 PDT"]
[Termination "sergeikim won by resignation"]

1. d4 Nf6 2. Nf3 g6 3. Bf4 d6 4. c4 Bg7 5. Nc3 O-O 6. h3 Nbd7 7. e3 b6 8. Be2 Bb7 9. O-O Ne4 10. Nxe4 Bxe4 11. Nd2 Bb7 12. Bf3 Qc8 13. Bg5 e5 14.
dxe5 Nxe5 15. Bxb7 Qxb7 16. Qc2 Rfe8 17. Rad1 a5 18. Bf4 a4 19. a3 Qc6 20. Bxe5 Bxe5 21. Nf3 Bg7 22. Nd4 Qc5 23. Nb5 Re5 24. Rd3 Qc6 25. Rfd1 Rxb5 0-1

[Event "Early-Titled-Tuesday-Blitz-September-12-2023"]
[Site "Chess.com"]
[Date "2023.09.12"]
[Round "1"]
[White "Chaos_Magic"]
[Black "GoltsevDmitry2000"]
[Result "1-0"]
[WhiteElo "2384"]
[BlackElo "2641"]
[TimeControl "180+1"]
[EndTime "8:03:55 PDT"]
[Termination "Chaos_Magic won by resignation"]

1. d4 e6 2. Nf3 d5 3. c4 Nf6 4.
Nbd2 dxc4 5. Nxc4 c5 6. e3 Nc6 7. Be2 cxd4 8. exd4 Bb4+ 9. Bd2 O-O 10. O-O Bxd2 11.
Qxd2 Qd5 12. Rfd1 Bd7 13. Nce5 Rad8 14. b3 Bc8 15. Bc4 Qd6 16. Rac1 Nd5 17. Bf1 Nxe5 18.
dxe5 Qe7 19. Qg5 Qxg5 20. Nxg5 b6 21. Ne4 Bd7 22. Nd6 f6 23. exf6 gxf6 24. Ba6 Nf4 25.
g3 Ng6 26. Ne4 e5 27. Rc7 f5 28. Bc4+ Kh8 29. Ng5 h6 30. Nf7+ 1-0

[Event "Early-Titled-Tuesday-Blitz-September-12-2023"]
[Site "Chess.com"]
[Date "2023.09.12"]
[Round "1"]
[White "BillieKimbah"]
[Black "Orest_Vovk"]
[Result "1-0"]
[WhiteElo "3031"]
[BlackElo "2527"]
[TimeControl "180+1"]
[EndTime "8:03:58 PDT"]
[Termination "BillieKimbah won by resignation"]

1. d4 Nf6 2. Nf3 Rg8 3. c4 h6 4.
h4 Ne4 5. Qc2 d5 6. e3 g5 7. hxg5 hxg5 8. cxd5 Qxd5 9. Bc4 Qa5+ 10. Bd2 Nxd2 11. Nbxd2 Rg6 12. Bxf7+ Kxf7 13. Ne5+ Qxe5 14.
dxe5 Nc6 15. O-O-O Bg7 16. f4 gxf4 17. exf4 Bg4 18.
f5 Rg5 19. Ne4 Rxf5 20. Qb3+ Kf8 21. Qxb7 Rb8 22. Qxc6 Bxe5 23. Rd2 Bf4 24. Rh8+ 1-0

[Event "Early-Titled-Tuesday-Blitz-September-12-2023"]
[Site "Chess.com"]
[Date "2023.09.12"]
[Round "1"]
[White "dcremisi"]
[Black "Mariia89"]
[Result "1-0"]
[WhiteElo "2545"]
[BlackElo "2000"]
[TimeControl "180+1"]
[EndTime "8:03:58 PDT"]
[Termination "dcremisi won on time"]

1. d4 Nf6 2. c4 c5 3. d5 b5 4. Qc2 bxc4 5. e4 d6 6. Bxc4 g6 7. Nf3 Bg7 8. O-O O-O 9. Re1 Ba6 10. Na3 Bxc4 11. Nxc4 Nbd7 12. Bg5 Nb6 13. Na5 h6 14.
Bd2 1-0

[Event "Early-Titled-Tuesday-Blitz-September-12-2023"]
[Site "Chess.com"]
[Date "2023.09.12"]
[Round "1"]
[White "Bastiandash"]
[Black "AnaKuchava"]
[Result "1-0"]
[WhiteElo "2565"]
[BlackElo "2212"]
[TimeControl "180+1"]
[EndTime "8:03:59 PDT"]
[Termination "Bastiandash won by checkmate"]

1. e4 c5 2. b3 Nc6 3. Bb2 Nf6 4. e5 Nd5 5. Nc3 Nxc3 6. Bxc3 g6 7. h4 Bg7 8. h5 Bxe5 9. Bxe5 Nxe5 10. f4 Nc6 11. hxg6 fxg6 12. Bd3 Kf7 13. Qg4 d5 14. Rxh7+ Rxh7 15. Qxg6+ Kf8 16. Qxh7 Qd6 17. O-O-O c4 18. Bg6 Be6 19. Qh8+ Bg8 20. Qh6# 1-0

[Event "Early-Titled-Tuesday-Blitz-September-12-2023"]
[Site "Chess.com"]
[Date "2023.09.12"]
[Round "1"]
[White "Actuary44"]
[Black "jcibarra"]
[Result "0-1"]
[WhiteElo "2511"]
[BlackElo "2937"]
[TimeControl "180+1"]
[EndTime "8:04:12 PDT"]
[Termination "jcibarra won by resignation"]

1. e4 c5 2. d4 cxd4 3. c3 Nf6 4. Bd3 dxc3 5. Nxc3 Nc6 6. f4 d6 7. Nf3 g6 8. O-O Bg7 9. Kh1 O-O 10. Qe1 Nd7 11. Be3 Nc5 12. Bb1 Qb6 13. b3 Qa5 14. Bd2 Nxb3 15. axb3 Qxa1 16. f5 Qb2 17. fxg6 fxg6 18.
Bd3 Be6 19. Ng5 Rxf1+ 20. Bxf1 Bxb3 21. Nd5 Rf8 22. Bb5 Bxd5 23. exd5 Qxb5 24. dxc6 Rf1+ 0-1

[Event "Early-Titled-Tuesday-Blitz-September-12-2023"]
[Site "Chess.com"]
[Date "2023.09.12"]
[Round "1"]
[White "MatthewG-p4p"]
[Black "Maus7"]
[Result "1-0"]
[WhiteElo "2887"]
[BlackElo "2493"]
[TimeControl "180+1"]
[EndTime "8:04:12 PDT"]
[Termination "MatthewG-p4p won by resignation"]

1. f4 d5 2. Nf3 g6 3. g3 Bg7 4. Bg2 Nf6 5. O-O O-O 6. d3 c5 7. Nc3 Nc6 8. e4 dxe4 9. dxe4 e5 10. Qxd8 Rxd8 11. Nxe5 Nxe5 12. fxe5 Ng4 13. Bg5 Re8 14.
Nd5 Bxe5 15. h3 Bd4+ 16. Kh1 Nf2+ 17. Kh2 Rf8 18. c3 Nd3 19. cxd4 cxd4 20. Bf6 h5 21. Bxd4 f5 22. Rad1 1-0

[Event "Early-Titled-Tuesday-Blitz-September-12-2023"]
[Site "Chess.com"]
[Date "2023.09.12"]
[Round "1"]
[White "Stewie_89"]
[Black "Cayse"]
[Result "0-1"]
[WhiteElo "2479"]
[BlackElo "2860"]
[TimeControl "180+1"]
[EndTime "8:04:19 PDT"]
[Termination "Cayse won by resignation"]

1. e4 e5 2. Nf3 Nc6 3. Bb5 a6 4. Ba4 Nf6 5. d3 b5 6. Bb3 Be7 7. O-O O-O 8. Nbd2 d6 9. c3 Na5 10. Bc2 c5 11. h3 Qc7 12. Re1 Nc6 13. Nf1 Re8 14. Bg5 h6 15. Bh4 Be6 16. a4 b4 17. Ne3 Rab8 18. c4 Nd4 19. Nxd4 cxd4 20. Nf1 b3 21. Bxb3 Nd7 22. Bxe7 Rxe7 23. Rb1 Nc5 24.
Bc2 Rb4 25. f4 exf4 26. Qd2 Qb8 27. Bd1 Reb7 28. Qxf4 Nxd3 29. Qd2 Nxe1 30. Qxe1 Rxb2 31. Rxb2 Rxb2 32. Bf3 0-1

[Event "Early-Titled-Tuesday-Blitz-September-12-2023"]
[Site "Chess.com"]
[Date "2023.09.12"]
[Round "1"]
[White "carloseduar100"]
[Black "Andrei_Belozerov"]
[Result "0-1"]
[WhiteElo "2286"]
[BlackElo "2592"]
[TimeControl "180+1"]
[EndTime "8:04:20 PDT"]
[Termination "Andrei_Belozerov won by checkmate"]

1. e4 c5 2. Nf3 d6 3. Bc4 Nf6 4.
Nc3 e6 5. O-O Nc6 6. Re1 Be7 7.
d4 cxd4 8. Nxd4 O-O 9. Bg5 a6 10. a4 Qc7 11. Bb3 Bd7 12. h3 Rac8 13. Kh1 Rfd8 14. f4 h6 15. Bh4 Nxe4 16. Nxe4 Bxh4 17. Nxc6 Bxc6 18. g3 Bxg3 19. Re2 Bxf4 20. Qd3 d5 21. Nc5 d4+ 22. Kg1 Be3+ 23. Kf1 Qf4+ 24. Ke1 Bf3 25. Nxe6 fxe6 26. Bxe6+ Kh8 27. Bxc8 Qg3+ 28. Kf1 Qg1# 0-1

[Event "Early-Titled-Tuesday-Blitz-September-12-2023"]
[Site "Chess.com"]
[Date "2023.09.12"]
[Round "1"]
[White "MatyChess1"]
[Black "Masterbeaterr"]
[Result "1-0"]
[WhiteElo "2683"]
[BlackElo "2380"]
[TimeControl "180+1"]
[EndTime "8:04:24 PDT"]
[Termination "MatyChess1 won by resignation"]

1. d4 d5 2. Bf4 c5 3. e3 cxd4 4. exd4 Nc6 5. c3 f6 6. Nf3 g5 7. Bg3 Bf5 8. Bd3 Nh6 9. O-O Qd7 10. Re1 Bxd3 11. Qxd3 Nf5 12. Nbd2 O-O-O 13. b4 h5 14. b5 Na5 15. Nb3 Nxg3 16. hxg3 Nc4 17. Nc5 Qe8 18. Re6 Rd6 19. Qf5 Qxb5 20. Rxd6+ 1-0

[Event "Early-Titled-Tuesday-Blitz-September-12-2023"]
[Site "Chess.com"]
[Date "2023.09.12"]
[Round "1"]
[White "EvgenyBurmakin"]
[Black "HamedWafa4"]
[Result "1-0"]
[WhiteElo "2284"]
[BlackElo "2569"]
[TimeControl "180+1"]
[EndTime "8:04:29 PDT"]
[Termination "EvgenyBurmakin won by resignation"]

1. e4 e5 2. Nf3 Nc6 3. Bb5 a6 4.
Ba4 Nf6 5. O-O Be7 6. Re1 b5 7.
Bb3 O-O 8. c3 d5 9. exd5 Nxd5 10. Nxe5 Nxe5 11. Rxe5 Nf6 12. d4 Bd6 13. Re1 Ng4 14.
h3 Bh2+ 15. Kf1 Nxf2 16. Qf3 Nh1 17. Bf4 Bxf4 18. Qxf4 g5 19. Qf3 Qd6 20. Qxa8 Bxh3 21.
Qf3 g4 22. Qe3 Qh2 23. Qg5+ Kh8 24. Qf6+ Kg8 25. Bxf7+ Rxf7 26. Re8+ 1-0

[Event "Early-Titled-Tuesday-Blitz-September-12-2023"]
[Site "Chess.com"]
[Date "2023.09.12"]
[Round "1"]
[White "disciplinedbrat"]
[Black "SashaKuzhilniy"]
[Result "0-1"]
[WhiteElo "2346"]
[BlackElo "2649"]
[TimeControl "180+1"]
[EndTime "8:04:36 PDT"]
[Termination "SashaKuzhilniy won by resignation"]

1. Nf3 Nf6 2. b3 d6 3. Bb2 e5 4. d3 Nc6 5. Nbd2 g6 6. e4 Bg7 7. Be2 Nh5 8. O-O Nf4 9. a3 O-O 10. Re1 Nxe2+ 11. Qxe2 f5 12. b4 Kh8 13. b5 Ne7 14. d4 fxe4 15. Qxe4 d5 16. Qh4 e4 17. Ne5 Qe8 18. a4 Nf5 19. Qg5 Bh6 0-1

[Event "Early-Titled-Tuesday-Blitz-September-12-2023"]
[Site "Chess.com"]
[Date "2023.09.12"]
[Round "1"]
[White "Rumpel-VK"]
[Black "MikeSailer"]
[Result "0-1"]
[WhiteElo "2506"]
[BlackElo "2173"]
[TimeControl "180+1"]
[EndTime "8:04:39 PDT"]
[Termination "MikeSailer won on time"]

1. e4 d5 2. exd5 Qxd5 3. Nc3 Qd6 4. Nf3 c6 5. Bc4 Bg4 6. Bxf7+ Kxf7 7. Ng5+ Ke8 8.
Qxg4 Nd7 9. Nce4 Qg6 10. O-O Ngf6 11. d4 Nxg4 0-1

[Event "Early-Titled-Tuesday-Blitz-September-12-2023"]
[Site "Chess.com"]
[Date "2023.09.12"]
[Round "1"]
[White "iwanyu"]
[Black "Sleepless_Knightmare"]
[Result "1-0"]
[WhiteElo "2693"]
[BlackElo "2392"]
[TimeControl "180+1"]
[EndTime "8:04:49 PDT"]
[Termination "iwanyu won by resignation"]

1. d4 d5 2. c4 e6 3. Nf3 Nf6 4. g3 c6 5. Bg2 dxc4 6. Ne5 Bb4+ 7. Nc3 c5 8. O-O Qxd4 9. Qxd4 cxd4 10. Nb5 Na6 11.
Nxc4 Ke7 12. a3 Bc5 13. b4 Bb6 14.
Bf4 Rd8 15. Rfd1 Ne8 16. Nxb6 axb6 17. Nxd4 f6 18. Be3 e5 19. Nb5 Bd7 20. Nc3 Bc6 21.
Nd5+ Bxd5 22. Bxd5 Rxd5 23. Rxd5 Nxb4 24. Rd2 Nc7 25.
Rad1 Nba6 26. Rd7+ Kf8 27. Bxb6 Ne6 28. Rxb7 Nac5 29.
Ra7 Rxa7 30. Bxa7 Nb3 31. Bb6 Ned4 32. e3 Nc2 33. a4 Ke7 34. a5 Ke6 35. a6 Nb4 36. a7 1-0

[Event "Early-Titled-Tuesday-Blitz-September-12-2023"]
[Site "Chess.com"]
[Date "2023.09.12"]
[Round "1"]
[White "DavidLana1987"]
[Black "CFalcons8"]
[Result "1-0"]
[WhiteElo "2624"]
[BlackElo "2304"]
[TimeControl "180+1"]
[EndTime "8:04:52 PDT"]
[Termination "DavidLana1987 won by resignation"]

1. e4 e5 2. Nf3 Nc6 3. Nc3 Nf6 4. d4 exd4 5. Nxd4 Bb4 6. Nxc6 bxc6 7.
Bd3 d5 8. exd5 cxd5 9. O-O O-O 10. Bg5 c6 11. Na4 h6 12. Bh4 Be7 13. c4 Ne4 14. Bxe7 Qxe7 15. cxd5 cxd5 16. Re1 Qh4 17. g3 Qh3 18. Bxe4 dxe4 19. Rxe4 Bb7 20. Qg4 Qxg4 21. Rxg4 f5 22. Rb4 Bf3 23. Nc5 Rab8 24. Rf4 Bd5 25. Nd7 Be4 26. Nxf8 Kxf8 27. Re1 g5 28. Rexe4 gxf4 29. Rxf4 Rxb2 30. Rxf5+ Kg7 31. Ra5 Rb7 32. h4 Kg6 33. Ra6+ Kh5 34. Kg2 Rc7 35. Kh3 Rg7 36. g4+ Rxg4 37. Ra5+ 1-0

[Event "Early-Titled-Tuesday-Blitz-September-12-2023"]
[Site "Chess.com"]
[Date "2023.09.12"]
[Round "1"]
[White "WindWhistler11"]
[Black "ShiroglanTalibov"]
[Result "0-1"]
[WhiteElo "2474"]
[BlackElo "2839"]
[TimeControl "180+1"]
[EndTime "8:04:53 PDT"]
[Termination "ShiroglanTalibov won by resignation"]

1. Nf3 c5 2. g3 b6 3. Bg2 Bb7 4. O-O Nf6 5. b3 g6 6. Bb2 Bg7 7. d4 cxd4 8. Qxd4 Nh5 9. Ne5 Bxg2 10. Kxg2 O-O 11. Qd5 Qc7 12. Na3 Nc6 13. Nac4 Nxe5 14. Bxe5 Bxe5 15. Qxe5 d6 16. Qd5 Nf6 17. Qd2 Rac8 18.
Rac1 d5 19. Ne3 Rfd8 20. Rfd1 e5 21. Qb4 d4 22. Nc4 Nd5 23. Qd2 b5 24. Na3 Nc3 25. Re1 Nxa2 26. Nxb5 Qb7+ 0-1

[Event "Early-Titled-Tuesday-Blitz-September-12-2023"]
[Site "Chess.com"]
[Date "2023.09.12"]
[Round "1"]
[White "Fleetw00dMac"]
[Black "Mikhail_Bryakin"]
[Result "1-0"]
[WhiteElo "2457"]
[BlackElo "2758"]
[TimeControl "180+1"]
[EndTime "8:05:00 PDT"]
[Termination "Fleetw00dMac won on time"]

1. d4 f5 2. Nc3 Nf6 3. Bg5 d5 4. Nf3 e6 5. e3 Be7 6. Bd3 c6 7. O-O O-O 8. Ne2 Bd7 9. c4 Ne4 10. Bxe7 Qxe7 11. Ne5 Be8 12. f3 Nf6 13. Rc1 Nbd7 14. Qb3 Rb8 15. Rfe1 1-0

[Event "Early-Titled-Tuesday-Blitz-September-12-2023"]
[Site "Chess.com"]
[Date "2023.09.12"]
[Round "1"]
[White "Doomfist26"]
[Black "GMMikhailKazakov"]
[Result "1-0"]
[WhiteElo "2643"]
[BlackElo "2341"]
[TimeControl "180+1"]
[EndTime "8:05:00 PDT"]
[Termination "Doomfist26 won on time"]

1. e4 c5 2. Nf3 d6 3. Bb5+ Nd7 4. O-O Nf6 5. Re1 e6 6. c3 Be7 7. d4 a6 8. Bxd7+ Nxd7 9. e5 O-O 10. Nbd2 b6 11.
exd6 Bxd6 12. Nc4 Be7 13. d5 exd5 14. Qxd5 Rb8 15. Bf4 Bb7 16. Qf5 Ra8 17. Rad1 Bc6 18. Nfe5 1-0

[Event "Early-Titled-Tuesday-Blitz-September-12-2023"]
[Site "Chess.com"]
[Date "2023.09.12"]
[Round "1"]
[White "SantoBlue"]
[Black "surrenderPLS"]
[Result "1-0"]
[WhiteElo "2921"]
[BlackElo "2508"]
[TimeControl "180+1"]
[EndTime "8:05:01 PDT"]
[Termination "SantoBlue won by resignation"]

1. e4 c5 2. Nc3 Nc6 3. Bb5 Nd4 4. a4 g6 5. Nf3 Bg7 6. O-O a6 7. Bc4 e6 8. Nxd4 cxd4 9. Ne2 Ne7 10. d3 d5 11. Bb3 O-O 12. Bg5 dxe4 13. dxe4 h6 14. Bh4 g5 15. Bg3 Nc6 16. f4 b6 17. Nc1 Bb7 18. Nd3 Na5 19. Qe2 Nxb3 20. cxb3 Rc8 21. Rae1 Qe7 22. Qh5 f5 23. exf5 Rxf5 24. Qg4 Rcf8 25.
h3 Qd6 26. fxg5 Qd5 27. Nf4 Qxb3 28. gxh6 1-0

[Event "Early-Titled-Tuesday-Blitz-September-12-2023"]
[Site "Chess.com"]
[Date "2023.09.12"]
[Round "1"]
[White "KNVB"]
[Black "Young_Catalan_Player09"]
[Result "1-0"]
[WhiteElo "2761"]
[BlackElo "2432"]
[TimeControl "180+1"]
[EndTime "8:05:04 PDT"]
[Termination "KNVB won by checkmate"]

1. d4 d5 2. Bf4 Nf6 3. e3 c5 4. c3 Nc6 5. Nd2 e6 6. Ngf3 cxd4 7. exd4 Nh5 8. Be3 Bd6 9. g3 f5 10. Ne5 g6 11. Ndf3 O-O 12. Bh6 Re8 13. Bd3 Nf6 14.
Bg5 Kg7 15. Qc1 Qc7 16. Bxf6+ Kxf6 17. Qh6 Nxe5 18. dxe5+ Bxe5 19. O-O Bd6 20. Ng5 Qg7 21. Qh4 h6 22. Ne4+ Ke5 23. Qf4# 1-0